 Dungeon Crawl Stone Soup version 0.29.0-11-gd7f09526c8 (webtiles) character file.

Game seed: 6683696270742644667

98 sanka the Vexing (level 4, -7/37 HPs)
             Began as a Demigod Arcane Marksman on Sept 5, 2022.
             Mangled by an iguana (8 damage)
             ... on level 4 of the Dungeon.
             The game lasted 00:02:45 (2497 turns).

sanka the Vexing (Demigod Arcane Marksman)          Turns: 2497, Time: 00:02:45

Health: -7/37      AC:  2    Str: 11    XL:     4   Next: 20%
Magic:  8/8        EV: 13    Int: 19    God:
Gold:   150        SH:  0    Dex: 14    Spells: 4/5 levels left

rFire   . . .      SeeInvis .   a - +1 sling
rCold   . . .      Faith    .   (no shield)
rNeg    . . .      Spirit   .   c - +0 robe
rPois   .          Reflect  .   (no helmet)
rElec   .          Harm     .   (no cloak)
rCorr   .          Rampage  .   (no gloves)
Will    .....                   (no boots)
Stlth   +.........              (no amulet)
HPRegen 0.12/turn               (no ring)
MPRegen 0.11/turn               e - ring of wizardry

@: no status effects
A: high MP 1, forlorn, divine attributes
a: no special abilities


You were on level 4 of the Dungeon.
You visited 1 branch of the dungeon, and saw 4 of its levels.

You collected 150 gold pieces.


Innate Abilities, Weirdness & Mutations

You have an increased reservoir of magic. (+10% MP)
You shall have no god before yourself.
Your divine heritage dramatically boosts your attributes as you level up.


   Skills:
 + Level 2.6 Fighting
 - Level 2.0 Ranged Weapons
 + Level 3.0 Dodging
 - Level 1.0 Spellcasting
 - Level 3.0 Hexes


You had 4 spell levels left.
You knew the following spells:

 Your Spells              Type           Power      Damage    Failure   Level
z - Slow                  Hex            48%        N/A       2%          1

Your spell library contained the following spells:

 Spells                   Type           Power      Damage    Failure   Level
 Inner Flame              Hex/Fire       6%         N/A       12%         3
 Portal Projectile        Hex/Tloc       12%        N/A       12%         3
 Cause Fear               Hex            6%         N/A       21%         4

Inventory:

Hand Weapons
 a - a +1 sling (weapon)
Armour
 c - a +0 robe (worn)
 k - a +0 helmet
Magical Staves
 p - a staff of cold
Jewellery
 e - a ring of wizardry (right hand)
Wands
 q - a wand of mindburst (9)
Scrolls
 b - 2 scrolls of poison {!r}
 d - 4 scrolls of teleportation {unknown}
 f - 6 scrolls of blinking {unknown}
 g - a scroll of noise {unknown}
 h - a scroll of enchant weapon {unknown}
 o - a scroll of fog {unknown}
 r - a scroll of amnesia {unknown}
 t - a scroll of identify {unknown}
Potions
 i - a potion of magic {unknown}
 j - 2 potions of curing {unknown}
 l - a potion of haste {unknown}
 m - a potion of degeneration {unknown}
 n - a potion of ambrosia {unknown}
 s - a potion of brilliance {unknown}

Dungeon Overview and Level Annotations

Branches:
Dungeon (4/15)
 Temple: D:4-7

▒▒▒.▒. ▒.▒.▒.▒
▒......
.......▒▒
........▒▒
.........
........▒▒▒▒▒..
.....(.p.......
......l▒▒▒▒▒▒▒▒
.?..... .....▒▒
..... .... ...
...


You could see an iguana.


Message History

The sling bullet hits the iguana.
The iguana is lightly wounded.
You shoot a sling bullet. The sling bullet hits the iguana!
The iguana is heavily wounded.
The iguana bites you! The iguana closely misses you.
You shoot a sling bullet.
The sling bullet hits the iguana but does no damage.
The iguana is heavily wounded.
The iguana bites you!
You shoot a sling bullet.
The sling bullet closely misses the iguana.
The iguana bites you.
* * * LOW HITPOINT WARNING * * *
You shoot a sling bullet.
The sling bullet hits the iguana but does no damage.
The iguana is heavily wounded.
The iguana bites you.
* * * LOW HITPOINT WARNING * * *
The iguana misses you.
You shoot a sling bullet.
The sling bullet hits the iguana but does no damage.
The iguana is heavily wounded.
The iguana bites you!
* * * LOW HITPOINT WARNING * * *
You shoot a sling bullet.
The sling bullet barely misses the iguana.
The iguana bites you!
You die...

Action                   |  1- 3 |  4- 6 || total
-------------------------+-------+-------++-------
 Fire: Sling             |   175 |    49 ||   224
 Cast: Slow              |       |     1 ||     1
Armor: Robe              |    20 |     2 ||    22
Dodge: Dodged            |    60 |    14 ||    74

Levels and vault maps discovered:
D:1:      tarquinn_simple_flora_water_f, layout_loops_ring,
          hangedman_feature_mirror, grunt_decor_mini_mirrors
D:2:      layout_basic, basic_ecumenical_altar, kennysheep_nondescript,
          hangedman_decor_clover_reticule
D:3:      layout_loops_ring
D:4:      layout_basic, bloody_makhleb, uniq_pikel

Notes
Turn   | Place    | Note
-------+----------+-------------------------------------------
     0 | D:1      | sanka the Demigod Arcane Marksman began the quest for the
                  | Orb.
     0 | D:1      | Reached XP level 1. HP: 15/15 MP: 4/4
    19 | D:1      | Reached skill level 2 in Ranged Weapons
    23 | D:1      | Reached skill level 1 in Fighting
   103 | D:1      | Reached skill level 2 in Dodging
   307 | D:1      | Reached XP level 2. HP: 23/23 MP: 5/5
   428 | D:1      | Reached skill level 2 in Fighting
   461 | D:1      | Reached XP level 3. HP: 18/29 MP: 6/6
  1639 | D:2      | Reached skill level 3 in Hexes
  1893 | D:3      | Reached XP level 4. HP: 37/37 MP: 8/8
  1990 | D:3      | Reached skill level 3 in Dodging
  2496 | D:4      | HP: 1/37 [iguana (12)]
  2497 | D:4      | Mangled by an iguana

Vanquished Creatures
  An adder (D:2)
  A worm (D:3)
  A dart slug (D:1)
  An orc (D:3)
  7 endoplasms
  4 giant cockroaches (D:1)
  7 goblins
  8 hobgoblins
  10 jackals
  5 kobolds
  3 quokkas
  6 ball pythons
  6 bats (D:1)
  2 frilled lizards
  9 rats
71 creatures vanquished.
